 Dungeon Crawl Stone Soup version 0.28.0-45-g0d030f2227 (webtiles) character file.

Game seed: 12212995399196116736

151 101zpm the Skirmisher (level 5, -1/33 HPs)
             Began as a Gargoyle Fighter on Apr 4, 2022.
             Killed from afar by an orc wizard (4 damage)
             ... with a puff of flame
             ... on level 3 of the Dungeon.
             The game lasted 00:05:33 (2997 turns).

101zpm the Skirmisher (Gargoyle Fighter)            Turns: 2997, Time: 00:05:34

Health: -1/33      AC:  7    Str: 21    XL:     5   Next: 33%
Magic:  5/5        EV: 11    Int:  9    God:
Gold:   119        SH:  4    Dex:  9    Spells: 4/4 levels left

rFire   . . .      SeeInvis +   a - +0 flail
rCold   . . .      Faith    .   c - +0 buckler
rNeg    + . .      Spirit   .   o - +0 robe of Pathos {SInv Archmagi}
rPois   ∞          Reflect  .   (no helmet)
rElec   +          Harm     .   (no cloak)
rCorr   .          Rampage  .   (no gloves)
Will    .....      Archmagi +   h - +0 pair of boots
Stlth   +.........              (no amulet)
HPRegen 0.11/turn               (no ring)
MPRegen 0.09/turn               (no ring)

@: no status effects
A: sickness immunity, AC +4, negative energy resistance 1, electricity
resistance, torment resistance 1, petrification resistance
a: no special abilities


You were on level 3 of the Dungeon.
You visited 1 branch of the dungeon, and saw 3 of its levels.

You collected 119 gold pieces.

Inventory:

Hand Weapons
 a - a +0 flail (weapon)
Missiles
 p - 5 datura-tipped darts (quivered)
Armour
 b - a +0 scale mail
 c - a +0 buckler (worn)
 h - a +0 pair of boots (worn)
 o - the +0 robe of Pathos (worn) {SInv Archmagi}
   (You found it on level 2 of the Dungeon)

   SInv:      It lets you see invisible.
   Archmagi:  It increases the power of your magical spells.
Scrolls
 i - a scroll of torment {unknown}
 j - a scroll of enchant weapon {unknown}
 k - a scroll of brand weapon {unknown}
 l - a scroll of enchant armour {unknown}
 m - 2 scrolls of identify {unknown}
 n - a scroll of vulnerability {unknown}
 q - 3 scrolls of blinking {unknown}
 r - a scroll of acquirement {unknown}
Potions
 d - a potion of might
 e - a potion of mutation {unknown}
 f - a potion of attraction {unknown}
 g - 2 potions of flight {unknown}
 s - a potion of lignification {unknown}


   Skills:
 + Level 4.2 Fighting
 + Level 3.2 Maces & Flails
 + Level 4.1 Armour
 + Level 1.1 Dodging
 + Level 0.6 Stealth
 + Level 3.7 Shields


You had 4 spell levels left.
You didn't know any spells.
Your spell library was empty.

Dungeon Overview and Level Annotations

Branches:
Dungeon (3/15)

Altars:


Innate Abilities, Weirdness & Mutations

You are immune to sickness and miasma.
Your stone body is resilient. (AC +4)
You are immune to poison.
You resist negative energy. (rN+)
You are resistant to electric shocks. (rElec)
You are resistant to unholy torment.
You are immune to petrification.


Message History

You hit the orc wizard but do no damage.
The orc wizard casts a spell.
The orc wizard flickers and vanishes for a moment.
You sock the orc wizard!
The orc wizard is heavily wounded.
The orc wizard hits you but does no damage.
You barely miss the orc wizard.
The orc wizard is heavily wounded.
The orc wizard hits you but does no damage.
You hit the orc wizard.
The orc wizard is almost dead.
The orc wizard casts a spell at you. The puff of flame hits you.
The orc wizard hits you with a +0 long sword.
You closely miss the orc wizard.
The orc wizard is almost dead.
The orc wizard hits you with a +0 long sword.
You hit the orc wizard but do no damage.
The orc wizard is almost dead.
The orc wizard points at you and mumbles some strange words.
The magic dart hits you.
You are too injured to fight recklessly!
You are too injured to fight recklessly!
You are too injured to fight recklessly!
You are too injured to fight recklessly!
You are too injured to fight recklessly!
You completely miss the orc wizard.
The orc wizard is almost dead.
The orc wizard closely misses you.
The orc wizard hits you with a +0 long sword.
* * * LOW HITPOINT WARNING * * *
You closely miss the orc wizard.
The orc wizard is severely wounded.
The orc wizard hits you with a +0 long sword.
* * * LOW HITPOINT WARNING * * *
You barely miss the orc wizard.
The orc wizard is severely wounded.
The orc wizard points at you and mumbles some strange words.
The puff of flame hits you.
You die...

.#.##.##.# #...#.###
.#^##.##.# ##...# #
.........# #....#
##.##.##.###.#).#
#.##...........#
#.#####.###.#.## #.#
#.###.#.######.#. ...
##
#.#####.##....#o.......
.....#
#..........#..#@#
#.#..#
########.##..)##.#
#.#..#
...)[..).###.###.#
##.#..#
#######..........#
###.(...#
.........#.#######
#...>...# ##########.#
#<#.....# .# #.#
#.##<...# .# #.#
#.##.#.## .#
#####)####### #.##.#.#


You could see an orc wizard (invisible).

Vanquished Creatures
  Terence (D:3)
  3 gnolls
  An adder (D:3)
  2 worms (D:2)
  A dart slug (D:1)
  9 orcs (D:3)
  8 bats
  4 endoplasms
  8 goblins
  4 hobgoblins
  2 jackals (D:3)
  4 quokkas
  7 ball pythons
  6 frilled lizards
  7 kobolds
  3 rats (D:2)
70 creatures vanquished.

Notes
Turn   | Place    | Note
-------+----------+-------------------------------------------
     0 | D:1      | 101zpm the Gargoyle Fighter began the quest for the Orb.
     0 | D:1      | Reached XP level 1. HP: 14/14 MP: 1/1
    33 | D:1      | Found a faded altar of an unknown god.
   239 | D:1      | Reached XP level 2. HP: 19/19 MP: 2/2
   625 | D:1      | Reached XP level 3. HP: 24/24 MP: 3/3
  1228 | D:2      | Identified the +0 robe of Pathos {SInv Archmagi}
  1561 | D:3      | Reached XP level 4. HP: 11/29 MP: 4/4
  2078 | D:3      | Reached skill level 1 in Dodging
  2138 | D:3      | Noticed Terence
  2148 | D:3      | Killed Terence
  2178 | D:3      | Reached XP level 5. HP: 15/33 MP: 5/5
  2997 | D:3      | Killed from afar by an orc wizard

Illustrated notes

Levels and vault maps discovered:
D:1:      dpeg_arrival_rooms_b, layout_rooms, ebering_ecumenical_altar_box,
          kennysheep_decorative_pillar
D:2:      minmay_inner_zag, layout_basic, minmay_misc_feat_cross,
          grunt_ministairs_9, nrook_campfire
D:3:      layout_loops_ring, serial_shops, nicolae_shop_crystal, minivault_4,
          uniq_terence

Skill      XL: |  1  2  3  4 |
---------------+-------------+-----
Dodging        | 1 |  1.1
Fighting       | 4 |  4.2
Armour         | 4 |  4.1
Maces & Flails | 3 |  3.2
Stealth        | |  0.6
Shields        | |  3.7

Action                   |  1- 3 |  4- 6 || total
-------------------------+-------+-------++-------
Melee: Flail             |   137 |   106 ||   243
Armor: Scale mail        |    98 |    32 ||   130
       Robe              |       |    15 ||    15
Dodge: Dodged            |   101 |    41 ||   142
Block: Buckler           |    39 |    19 ||    58
